[Event "Titled Tuesday Blitz November 07 Early 2023"]
[White "Todorovic, Bojan"]
[Black "Timerkhanov, Alexander"]
[WhiteFideId "917087"]
[BlackFideId "24177938"]
[WhiteElo "2417"]
[BlackElo "2702"]
[Result "1-0"]
[Round "10"]
[TimeControl "180+1"]
[Date "2023.11.07"]
[WhiteClock "0:00:11"]
[BlackClock "0:00:18"]
[Board "95"]

1. Nf3 d5 2. g3 Nf6 3. Bg2 g6 4. O-O Bg7 5. c4 c6 6. b3 O-O 7. Bb2 a5 8. Nc3 Ne4 9. Qc2 Nxc3 10. Bxc3 d4 11. Bb2 c5 12. e3 Nc6 13. exd4 cxd4 14. d3 Bf5 15. a3 e5 16. Nd2 Qd7 17. Rfe1 Bh3 18. Bh1 f5 19. c5 f4 20. Ne4 Kh8 21. Qc4 Bh6 22. b4 axb4 23. axb4 Rxa1 24. Bxa1 fxg3 25. hxg3 Ne7 26. b5 Qf5 27. Bb2 Ng8 28. Bc1 Nf6 29. f3 Bxc1 30. Qxc1 Nxe4 31. Rxe4 Qf6 32. f4 exf4 33. Rxf4 Bf5 34. Be4 Qg5 35. Kf2 Ra8 36. Qb2 Ra4 37. c6 bxc6 38. bxc6 Qe7 39. Bxf5 gxf5 40. Rxd4 Qa7 41. Ke3 Kg8 42. Qb3+ Kg7 43. Qxa4 1-0


[Site "https://www.chess.com"]

[Event "Titled Tuesday Blitz November 07 Early 2023"]
[White "Suspenser17"]
[Black "Kosteniuk, Alexandra"]
[BlackFideId "4128125"]
[WhiteElo "2410"]
[BlackElo "2646"]
[Result "0-1"]
[Round "10"]
[TimeControl "180+1"]
[Date "2023.11.07"]
[WhiteClock "0:00:11"]
[BlackClock "0:00:25"]
[Board "96"]

1. e4 c6 2. d4 d5 3. e5 c5 4. dxc5 e6 5. a3 Bxc5 6. Qg4 Ne7 7. Nf3 Ng6 8. h4 h5 9. Qg3 Nc6 10. Bd3 Nce7 11. Bg5 Qb6 12. b4 Nf5 13. Qh3 Bxf2+ 14. Ke2 Ng3+ 15. Kd2 Nxh1 16. Qxh1 Bd4 17. c3 Bf2 18. Ke2 Bd7 19. Qh3 Rc8 20. g3 d4 21. Kxf2 dxc3+ 22. Be3 Qc7 23. a4 Nxe5 24. Nxe5 Qxe5 25. Ra2 Qd5 26. Re2 Qxd3 27. Qg2 Bc6 28. Qf1 c2 29. Rd2 Qxf1+ 0-1


[Site "https://www.chess.com"]

[Event "Titled Tuesday Blitz November 07 Early 2023"]
[White "Matveeva, Olga"]
[Black "Gontcharov, Vladislav"]
[WhiteFideId "24107018"]
[BlackFideId "4123492"]
[WhiteElo "2406"]
[BlackElo "2552"]
[Result "0-1"]
[Round "10"]
[TimeControl "180+1"]
[Date "2023.11.07"]
[WhiteClock "0:00:00"]
[BlackClock "0:00:05"]
[Board "97"]

1. d4 Nf6 2. c4 c5 3. d5 e6 4. Nc3 exd5 5. cxd5 d6 6. e4 g6 7. h3 Bg7 8. Nf3 O-O 9. Bd3 b5 10. Nxb5 Re8 11. O-O Nxe4 12. Bxe4 Rxe4 13. Ng5 Re7 14. Re1 a6 15. Nc3 Rxe1+ 16. Qxe1 Nd7 17. Nce4 Ne5 18. f4 Nd3 19. Qg3 Nxc1 20. Rxc1 Bf5 21. Nc3 Rb8 22. b3 Qf6 23. Kh2 Qd4 24. Qh4 h6 25. Nf3 Qe3 26. Qe1 Qxf4+ 27. Kh1 Kf8 28. Na4 Re8 29. Qd1 Be4 30. Rc4 Qg3 31. Rxe4 Rxe4 32. Nb6 Bc3 33. Nc4 Kg7 34. Qd3 Rd4 35. Qxc3 Kg8 36. Kg1 Rd1+ 0-1


[Site "https://www.chess.com"]

[Event "Titled Tuesday Blitz November 07 Early 2023"]
[White "Osinovsky, Stepan"]
[Black "Gavrilov, Maxim"]
[WhiteFideId "4157354"]
[BlackFideId "24271454"]
[WhiteElo "2406"]
[BlackElo "2548"]
[Result "0-1"]
[Round "10"]
[TimeControl "180+1"]
[Date "2023.11.07"]
[WhiteClock "0:00:03"]
[BlackClock "0:00:26"]
[Board "98"]

1. e4 c5 2. Nf3 d6 3. d3 Nc6 4. Nbd2 g6 5. g3 Bg7 6. Bg2 e6 7. O-O Nge7 8. Re1 O-O 9. c3 Rb8 10. a4 a6 11. h4 b5 12. axb5 axb5 13. h5 b4 14. c4 Nd4 15. Nxd4 Bxd4 16. Nf3 Bg7 17. e5 Bb7 18. exd6 Nf5 19. Bf4 Bxb2 20. Re2 Bxa1 21. Qxa1 Ra8 22. Qe5 Bxf3 23. Bxf3 Nd4 24. Re3 Ra1+ 25. Kg2 b3 26. hxg6 hxg6 27. Bh6 f6 28. Qe4 f5 29. Qe5 Rf7 30. Qxc5 b2 31. Rxe6 Nxe6 32. Qe5 b1=Q 33. Qxe6 Qh1# 0-1


[Site "https://www.chess.com"]

[Event "Titled Tuesday Blitz November 07 Early 2023"]
[White "Goldin, Roman"]
[Black "Toktomushev, Teimur"]
[WhiteFideId "2803860"]
[BlackFideId "14176726"]
[WhiteElo "2394"]
[BlackElo "2514"]
[Result "0-1"]
[Round "10"]
[TimeControl "180+1"]
[Date "2023.11.07"]
[WhiteClock "0:00:00"]
[BlackClock "0:00:03"]
[Board "99"]

1. f4 d5 2. Nf3 g6 3. g3 Bg7 4. Bg2 Nf6 5. O-O O-O 6. b3 Ne4 7. c3 c5 8. Bb2 Nc6 9. d3 Nf6 10. Nbd2 Ng4 11. Qc1 Ne3 12. Re1 Nxg2 13. Kxg2 e5 14. Nf1 Bg4 15. h3 Bxf3+ 16. exf3 Re8 17. fxe5 Nxe5 18. Qd2 Qd7 19. d4 cxd4 20. Rad1 Nxf3 21. Kxf3 Qxh3 22. cxd4 Re4 23. Ne3 Rae8 24. Qf2 Qe6 25. Bc1 Bh6 26. Kg2 Bxe3 27. Bxe3 Rxe3 28. Rxe3 Qxe3 29. Qxe3 Rxe3 30. Kf2 Rc3 31. Rd2 Kg7 32. Re2 Kf6 33. g4 Rd3 34. Rc2 Rxd4 35. Rc7 Rb4 36. Kf3 a5 37. g5+ Kxg5 38. Rxf7 h5 0-1


[Site "https://www.chess.com"]

[Event "Titled Tuesday Blitz November 07 Early 2023"]
[White "UK_23"]
[Black "topce"]
[WhiteElo "2392"]
[BlackElo "2513"]
[Result "1-0"]
[Round "10"]
[TimeControl "180+1"]
[Date "2023.11.07"]
[WhiteClock "0:00:56"]
[BlackClock "0:01:37"]
[Board "100"]

1. e4 c5 2. Nf3 Nc6 3. Bb5 Nf6 4. e5 Ng4 5. Qe2 Qc7 6. Bxc6 dxc6 7. d3 g6 8. Nc3 Bg7 9. Bf4 Nh6 10. Ne4 O-O 11. Nxc5 Qa5+ 12. Qd2 Qxc5 13. Bxh6 Bxe5 14. Bxf8 Bxb2 15. O-O Bxa1 16. Rxa1 Kxf8 17. Qh6+ Ke8 18. Qxh7 Qc3 19. Re1 Bg4 20. Qg8+ Kd7 21. Qxa8 Bxf3 22. Qxb7+ 1-0


[Site "https://www.chess.com"]

[Event "Titled Tuesday Blitz November 07 Early 2023"]
[White "Bilan, Danila"]
[Black "Dmitrenko, Viktor"]
[WhiteFideId "24161918"]
[BlackFideId "14110270"]
[WhiteElo "2506"]
[BlackElo "2388"]
[Result "1-0"]
[Round "10"]
[TimeControl "180+1"]
[Date "2023.11.07"]
[WhiteClock "0:01:45"]
[BlackClock "0:00:00"]
[Board "101"]

1. d4 d5 2. Nf3 e6 3. c4 Nf6 4. Nc3 a6 5. cxd5 exd5 6. Bg5 Be6 7. e3 Nbd7 8. Bd3 Bd6 9. Qc2 c6 10. O-O O-O 11. a3 a5 12. Na4 Re8 13. Nc5 Bxc5 14. dxc5 h6 15. Bh4 Qe7 16. b4 axb4 17. axb4 g5 18. Bg3 Kg7 19. Bd6 Qd8 20. Nd4 Nf8 21. Rxa8 Qxa8 22. f4 Bd7 23. fxg5 hxg5 24. Qb2 N8h7 25. Bxh7 Nxh7 26. Ne6+ 1-0


[Site "https://www.chess.com"]

[Event "Titled Tuesday Blitz November 07 Early 2023"]
[White "La Villa Rivas, Marlon Javier"]
[Black "Lehtosaari, Mauri"]
[WhiteFideId "3519546"]
[BlackFideId "501999"]
[WhiteElo "2385"]
[BlackElo "2494"]
[Result "0-1"]
[Round "10"]
[TimeControl "180+1"]
[Date "2023.11.07"]
[WhiteClock "0:01:19"]
[BlackClock "0:00:52"]
[Board "102"]

1. e4 d5 2. exd5 Qxd5 3. Nc3 Qd8 4. d4 Nf6 5. Nf3 Bg4 6. h3 Bxf3 7. Qxf3 c6 8. Be3 e6 9. Bd3 Bb4 10. O-O Nbd7 11. Ne2 Nd5 12. Bc1 b5 13. a4 a6 14. Nf4 N7f6 15. Re1 O-O 16. c3 Be7 17. Nh5 Nxh5 18. Qxh5 g6 19. Qf3 Bf6 20. Bh6 Bg7 21. Bxg7 Kxg7 22. Re5 Qf6 23. Qe4 Rfb8 24. a5 Rd8 25. g3 Rac8 26. Re1 c5 27. h4 cxd4 28. cxd4 Nb4 29. Bb1 Rc7 30. h5 Rcd7 31. hxg6 hxg6 32. Rd1 Rd5 33. f4 Nc6 34. Rxd5 Rxd5 35. Ba2 Rxd4 36. Rxd4 Qxd4+ 37. Qxd4+ Nxd4 38. Kf2 Nc6 39. Ke2 Nxa5 40. Kd3 Nc6 41. Bb3 Kf6 42. Ke4 Ke7 43. Bd1 Kd6 44. Be2 f5+ 45. Kd3 e5 46. fxe5+ Nxe5+ 47. Kd4 Nc6+ 48. Kc3 Kc5 49. Bf3 Ne5 50. Bb7 a5 51. Bc8 b4+ 52. Kb3 Nd3 53. Be6 Nc1+ 54. Ka4 Ne2 55. Kxa5 Nxg3 56. Bf7 g5 0-1


[Site "https://www.chess.com"]

[Event "Titled Tuesday Blitz November 07 Early 2023"]
[White "secrethawk1"]
[Black "Khater, Sherif"]
[BlackFideId "2034280"]
[WhiteElo "2369"]
[BlackElo "2491"]
[Result "1-0"]
[Round "10"]
[TimeControl "180+1"]
[Date "2023.11.07"]
[WhiteClock "0:00:15"]
[BlackClock "0:00:05"]
[Board "103"]

1. e4 a6 2. c4 c5 3. Nf3 Nc6 4. d4 cxd4 5. Nxd4 d6 6. Nc3 Nf6 7. Be2 g6 8. Be3 Bg7 9. O-O O-O 10. Qd2 Nxd4 11. Bxd4 Bd7 12. Bd3 b5 13. Rae1 bxc4 14. Bxc4 Be6 15. Bxe6 fxe6 16. Qd3 Kh8 17. Rd1 Qb8 18. Qe2 e5 19. Be3 Qb7 20. f3 Rab8 21. Rd2 Nh5 22. Rfd1 Nf4 23. Bxf4 exf4 24. Nd5 Be5 25. b3 Rbc8 26. Qf2 Rc6 27. a3 e6 28. Nb4 Rb6 29. Kh1 a5 30. Nd3 Rxb3 31. Nxe5 dxe5 32. Qc5 Qb8 33. h3 a4 34. Rd7 Re8 35. Kh2 Rb7 36. Rxb7 Qxb7 37. Qxe5+ Qg7 38. Qxf4 e5 39. Qe3 Qe7 40. Rd5 Rc8 41. Qd3 Qf6 42. Qd2 Rf8 43. Ra5 Rd8 44. Qe3 Kg8 45. Rxa4 Rc8 46. Rb4 Rc2 47. Qb3+ Kg7 48. Qxc2 Qf4+ 49. Kh1 Qe3 50. Rb1 1-0


[Site "https://www.chess.com"]

[Event "Titled Tuesday Blitz November 07 Early 2023"]
[White "Pujari, Rucha"]
[Black "Ovezdurdyyeva, Jemal"]
[WhiteFideId "5024528"]
[BlackFideId "14001888"]
[WhiteElo "2489"]
[BlackElo "2362"]
[Result "1-0"]
[Round "10"]
[TimeControl "180+1"]
[Date "2023.11.07"]
[WhiteClock "0:02:03"]
[BlackClock "0:01:40"]
[Board "104"]

1. d4 e6 2. c4 b6 3. Nf3 Bb7 4. g3 Nf6 5. Bg2 Be7 6. O-O O-O 7. Nc3 d5 8. cxd5 Nxd5 9. Re1 Nf6 10. e4 c5 11. d5 exd5 12. exd5 Re8 13. Ne5 Nbd7 14. Nc6 1-0


[Site "https://www.chess.com"]

[Event "Titled Tuesday Blitz November 07 Early 2023"]
[White "gpsji27"]
[Black "Willy, Stephen"]
[BlackFideId "30981468"]
[WhiteElo "2356"]
[BlackElo "2485"]
[Result "1-0"]
[Round "10"]
[TimeControl "180+1"]
[Date "2023.11.07"]
[WhiteClock "0:00:05"]
[BlackClock "0:00:00"]
[Board "105"]

1. d4 d5 2. Nf3 Nf6 3. Bg5 Ne4 4. Bh4 c5 5. e3 Qb6 6. Qc1 Nc6 7. c3 Bg4 8. Nbd2 Rc8 9. h3 Bf5 10. Nxe4 Bxe4 11. dxc5 Qxc5 12. Be2 e6 13. O-O Bd6 14. Qd2 O-O 15. Rfd1 Qb6 16. Rac1 Bg6 17. Bd3 f5 18. Qe2 Bh5 19. Bc2 Ne5 20. Bb3 Bxf3 21. gxf3 Ng6 22. Bg3 f4 23. exf4 Bxf4 24. Kh2 Bxc1 25. Rxc1 Rce8 26. Re1 h6 27. Qd3 Nf4 28. Qd2 Nh5 29. Rg1 Rxf3 30. Bd1 Rf5 31. Bg4 Nxg3 32. Bxf5 Nxf5 33. Qf4 Qd6 34. Qxd6 Nxd6 35. Rg6 Kf7 36. Rg4 Nc4 37. b3 Ne5 38. Rf4+ Ke7 39. Rb4 b6 40. Ra4 Nc6 41. Rg4 g5 42. h4 Rf8 43. Kg2 Rf4 44. Rxf4 gxf4 45. Kf3 e5 46. h5 Ke6 47. Ke2 d4 48. Kd3 Kd5 49. c4+ Kc5 50. Ke4 Nb4 51. a3 1-0


[Site "https://www.chess.com"]

[Event "Titled Tuesday Blitz November 07 Early 2023"]
[White "MIss_MIaMI"]
[Black "Lund, Gunnar"]
[BlackFideId "1520814"]
[WhiteElo "2341"]
[BlackElo "2483"]
[Result "0-1"]
[Round "10"]
[TimeControl "180+1"]
[Date "2023.11.07"]
[WhiteClock "0:00:42"]
[BlackClock "0:00:40"]
[Board "106"]

1. e4 e6 2. Nf3 d5 3. exd5 exd5 4. d4 Nf6 5. c4 Ke7 6. Qb3 Ke8 7. Nc3 c6 8. Be3 Be7 9. Be2 Kf8 10. O-O Na6 11. cxd5 Nxd5 12. Nxd5 Qxd5 13. Bc4 Qh5 14. Ne5 Nc7 15. Bxf7 Qf5 16. Bc4 b5 17. Bd3 Qe6 18. Qc2 Bd7 19. Bxh7 Nd5 20. Ng6+ Kf7 21. Ne5+ Kf8 22. Rae1 Bf6 23. Ng6+ Kf7 24. Nxh8+ Rxh8 25. Qg6+ Kf8 26. Bg5 Qf7 27. Bxf6 gxf6 28. Qxf7+ Kxf7 29. Be4 Ne7 30. h3 Be6 31. b3 Rh4 32. f3 f5 33. Bb1 Rxd4 34. Re2 Nd5 35. Rfe1 Nf4 36. Re3 Rd2 37. g3 Rg2+ 38. Kh1 Rxg3 39. Kh2 Rxh3+ 40. Kg1 Rg3+ 41. Kh2 Rg2+ 42. Kh1 Rg5 43. a4 a6 44. axb5 axb5 45. b4 Bd5 46. Rd1 Kf6 47. Rd2 Ne6 48. Ba2 f4 49. Red3 Nc7 50. Bxd5 Nxd5 51. Rc2 Nxb4 52. Rd6+ Ke7 53. Rcd2 c5 54. Rb6 c4 55. Re2+ Kf7 56. Kh2 Nd3 57. Kh3 b4 58. Ra2 Re5 59. Ra7+ Re7 60. Rxe7+ Kxe7 61. Kg4 c3 62. Kf5 c2 63. Rc6 b3 64. Ke4 b2 65. Kxd3 c1=Q 66. Rxc1 bxc1=Q 67. Ke4 Qe3+ 68. Kf5 Qxf3 69. Kg5 Qe3 70. Kf5 f3 71. Kg4 f2 72. Kf5 Kd6 73. Kg4 Kc5 74. Kf5 Kb4 75. Kg4 Ka3 76. Kf5 Kb2 77. Kg4 Kc1 78. Kf5 Kc2 79. Kg4 Kc3 80. Kf5 Kc4 81. Kg4 Kc5 82. Kf5 Kc6 83. Kg4 Kc7 84. Kf5 Kc8 85. Kg4 Kb8 86. Kf5 Ka8 87. Kg4 Ka7 88. Kf5 Ka6 89. Kg4 Ka5 90. Kf5 Ka4 91. Kg4 Ka3 92. Kf5 Ka2 93. Kg4 Ka1 94. Kf5 Qe2 95. Kg5 Kb1 96. Kf5 Kc1 97. Kg5 Kd1 98. Kf5 Ke1 99. Kg5 Kf1 100. Kg6 Kg1 101. Kg5 Kh1 102. Kg6 Kh2 103. Kg5 Kg2 104. Kg6 Kg3 105. Kg5 Kh3 106. Kg6 Kg4 107. Kg7 Kg5 108. Kf7 f1=Q+ 109. Kg7 Qe7+ 110. Kg8 Qff7+ 111. Kh8 Qff6+ 112. Kg8 Qg6+ 113. Kh8 Qh5+ 114. Kg8 Qe6+ 115. Kg7 Qe5+ 116. Kg8 Qb8+ 117. Kg7 Qc7+ 118. Kg8 Qhh7+ 119. Kf8 Qh8# 0-1


[Site "https://www.chess.com"]

[Event "Titled Tuesday Blitz November 07 Early 2023"]
[White "Devaev, Alexander"]
[Black "Petrova, Irina"]
[WhiteFideId "4169395"]
[BlackFideId "14124122"]
[WhiteElo "2471"]
[BlackElo "2332"]
[Result "1-0"]
[Round "10"]
[TimeControl "180+1"]
[Date "2023.11.07"]
[WhiteClock "0:00:30"]
[BlackClock "0:01:02"]
[Board "107"]

1. Nf3 d6 2. d4 g6 3. c4 Bg7 4. Nc3 Nc6 5. h3 e5 6. d5 Nce7 7. e4 f5 8. Bd3 Nf6 9. Bg5 O-O 10. Qc2 h6 11. Bd2 a5 12. Nh4 fxe4 13. Nxe4 Nxe4 14. Bxe4 Bf5 15. Nxg6 Nxg6 16. Bxf5 Nh4 17. Be4 Qf6 18. Be3 Nf5 19. Bxf5 Qxf5 20. Qxf5 Rxf5 21. Ke2 a4 22. Rac1 b6 23. Rc2 Raf8 24. Kd3 Kf7 25. Ke4 Kg6 26. h4 h5 27. Rh3 Bh6 28. Rg3+ Kh7 29. Rf3 Bxe3 30. Rxf5 Rxf5 31. Kxf5 Bd4 32. Kg5 1-0


[Site "https://www.chess.com"]

[Event "Titled Tuesday Blitz November 07 Early 2023"]
[White "ploxoi"]
[Black "Ardila, Oscar Humberto"]
[BlackFideId "4404742"]
[WhiteElo "2465"]
[BlackElo "2331"]
[Result "1-0"]
[Round "10"]
[TimeControl "180+1"]
[Date "2023.11.07"]
[WhiteClock "0:00:23"]
[BlackClock "0:00:00"]
[Board "108"]

1. d4 Nf6 2. c4 e6 3. g3 Bb4+ 4. Bd2 Qe7 5. Bg2 O-O 6. Nf3 a5 7. O-O Bxd2 8. Qxd2 d6 9. Nc3 Nbd7 10. e4 e5 11. h3 Rd8 12. Rfe1 c6 13. Rad1 Nb6 14. b3 Be6 15. Qe3 Qc7 16. Kh2 a4 17. d5 cxd5 18. Nb5 Qc5 19. Qxc5 dxc5 20. exd5 Bd7 21. Nd6 e4 22. Nxe4 Nxe4 23. Rxe4 axb3 24. axb3 Ra2 25. Kg1 Kf8 26. Rde1 Rb2 27. R4e3 Bf5 28. Ng5 h6 29. Ne4 Bxe4 30. Bxe4 Nc8 31. R1e2 Rxe2 32. Rxe2 Nd6 33. Bb1 Ra8 34. Ra2 Re8 35. Kf1 g5 36. Bd3 Kg7 37. Ra5 Rc8 38. Ke2 Kf6 39. Ke3 Ke5 40. Ra1 f5 41. f4+ gxf4+ 42. gxf4+ Kf6 43. Kf3 Rg8 44. Ra5 Rc8 45. b4 cxb4 46. c5 Ne4 47. Bxe4 fxe4+ 48. Kxe4 Re8+ 49. Kd4 Re1 50. Rb5 Rd1+ 51. Ke4 Re1+ 52. Kf3 Rd1 53. Ke4 Re1+ 54. Kd3 Rd1+ 55. Kc4 Rc1+ 56. Kxb4 Rf1 57. Rxb7 Rxf4+ 58. Kb5 Ke5 59. d6 Rf1 60. Kc6 Ra1 61. Rh7 Ra6+ 62. Kb5 Ra1 63. Rxh6 Kd5 64. Rh5+ Ke6 65. Rg5 Kd7 66. Rg7+ Kd8 67. h4 Rb1+ 68. Kc6 1-0


[Site "https://www.chess.com"]

[Event "Titled Tuesday Blitz November 07 Early 2023"]
[White "Haitin, Ilja"]
[Black "Balla, Tamas-Kristof"]
[WhiteFideId "4501764"]
[BlackFideId "1208497"]
[WhiteElo "2457"]
[BlackElo "2326"]
[Result "0-1"]
[Round "10"]
[TimeControl "180+1"]
[Date "2023.11.07"]
[WhiteClock "0:00:00"]
[BlackClock "0:00:22"]
[Board "109"]

1. Nf3 c5 2. g3 Nc6 3. Bg2 g6 4. O-O Bg7 5. c4 e6 6. Nc3 Nge7 7. b3 d5 8. cxd5 exd5 9. Bb2 O-O 10. Rc1 b6 11. Na4 d4 12. e3 Bg4 13. h3 Bf5 14. exd4 Nxd4 15. Nxd4 cxd4 16. Bxa8 Qxa8 17. Kh2 Bd3 18. Re1 Nf5 19. Ba3 Rd8 20. Rc7 h5 21. Nb2 Be4 22. d3 Bf3 23. Qd2 h4 24. Qg5 hxg3+ 25. fxg3 Re8 26. Qc1 Be5 27. Rxe5 Rxe5 28. Rc8+ Kg7 29. Bf8+ Kh7 30. Rxa8 Re2+ 31. Kg1 Rg2+ 32. Kf1 Nxg3+ 33. Ke1 Re2+ 34. Kd1 Rxb2+ 35. Ke1 Re2+ 36. Kd1 Rh2+ 37. Ke1 Rh1+ 38. Kf2 Rxc1 39. Kxf3 Nf5 40. Kf4 Rc2 41. h4 Nxh4 42. Be7 Nf5 43. Bf6 Ng7 44. Bxd4 Rxa2 45. Rf8 Ne6+ 46. Ke5 Nxf8 0-1


[Site "https://www.chess.com"]

[Event "Titled Tuesday Blitz November 07 Early 2023"]
[White "Shishkov, Andrei"]
[Black "Mazzilli, Piero"]
[WhiteFideId "4500563"]
[BlackFideId "807087"]
[WhiteElo "2452"]
[BlackElo "2324"]
[Result "1-0"]
[Round "10"]
[TimeControl "180+1"]
[Date "2023.11.07"]
[WhiteClock "0:02:33"]
[BlackClock "0:02:24"]
[Board "110"]

1. d4 d5 2. c4 e6 3. Nc3 Nf6 4. cxd5 exd5 5. Bg5 c6 6. e3 Bf5 7. Qf3 Bg6 8. Bxf6 Qxf6 9. Qxf6 gxf6 10. Nf3 Nd7 11. Nh4 Bd6 12. f3 O-O 13. Kf2 Rfe8 14. g3 Re7 15. Bh3 Rae8 16. Rhe1 Nb6 17. b3 c5 18. Nb5 Nc8 19. Bxc8 1-0


[Site "https://www.chess.com"]

[Event "Titled Tuesday Blitz November 07 Early 2023"]
[White "Rasmussen, Casper"]
[Black "ExchangeAB"]
[WhiteFideId "1402005"]
[WhiteElo "2308"]
[BlackElo "2441"]
[Result "0-1"]
[Round "10"]
[TimeControl "180+1"]
[Date "2023.11.07"]
[WhiteClock "0:00:00"]
[BlackClock "0:01:28"]
[Board "111"]

1. c4 c6 2. g3 d5 3. Bg2 Nf6 4. Nf3 d4 5. O-O c5 6. e3 Nc6 7. exd4 cxd4 8. Re1 e6 9. d3 Bc5 10. a3 a5 11. Bg5 h6 12. Bxf6 Qxf6 13. Nbd2 Qd8 14. Ne4 Be7 15. c5 O-O 16. Rb1 a4 17. b4 axb3 18. Qxb3 Qa5 19. Nd6 Qxc5 20. Nxc8 Rfxc8 21. Qxb7 Qxa3 22. Rb3 Qa6 23. Rc1 Qxb7 24. Rxb7 Bf6 25. Nd2 Ne5 26. Rd1 Rab8 27. Ra7 Rb2 28. Ne4 Rcc2 29. Bf1 Nf3+ 30. Kg2 Ng5 31. Nxg5 hxg5 0-1


[Site "https://www.chess.com"]

[Event "Titled Tuesday Blitz November 07 Early 2023"]
[White "crazy_m_attack"]
[Black "Silvestre, Christian"]
[BlackFideId "30956269"]
[WhiteElo "2439"]
[BlackElo "2203"]
[Result "1-0"]
[Round "10"]
[TimeControl "180+1"]
[Date "2023.11.07"]
[WhiteClock "0:01:10"]
[BlackClock "0:01:00"]
[Board "112"]

1. e4 c5 2. Nf3 d6 3. d4 cxd4 4. Nxd4 Nf6 5. Nc3 a6 6. Be2 e5 7. Nf3 Be6 8. Bg5 h6 9. Bxf6 Qxf6 10. Nd5 Qd8 11. O-O Nd7 12. Nd2 Nf6 13. Nxf6+ Qxf6 14. Nc4 O-O-O 15. Nb6+ Kb8 16. Nd5 Bxd5 17. Qxd5 Qe6 18. Bc4 Qxd5 19. Bxd5 Rd7 20. Rad1 g6 21. Rfe1 Bg7 22. Rd3 Rc8 23. c3 Rc5 24. Red1 Bf8 25. Rf3 Rcc7 26. Bb3 b5 27. Rf6 Kb7 28. h3 Kc6 29. Rf3 a5 30. a4 b4 31. cxb4 axb4 32. a5 Kb5 33. Ra1 Re7 34. Bd5 Ra7 35. a6 Kb6 36. Bc4 Rec7 37. b3 d5 38. Bxd5 Rxa6 39. Rf6+ 1-0


[Site "https://www.chess.com"]

[Event "Titled Tuesday Blitz November 07 Early 2023"]
[White "Belanoff, Ted"]
[Black "Souleidis, Georgios"]
[WhiteFideId "2070588"]
[BlackFideId "4206827"]
[WhiteElo "2305"]
[BlackElo "2584"]
[Result "0-1"]
[Round "10"]
[TimeControl "180+1"]
[Date "2023.11.07"]
[WhiteClock "0:00:17"]
[BlackClock "0:00:45"]
[Board "113"]

1. b4 e5 2. a3 d5 3. Bb2 Bd6 4. g3 Nf6 5. Bg2 O-O 6. e3 Re8 7. Ne2 a5 8. b5 a4 9. O-O Be6 10. d4 e4 11. Nd2 Qd7 12. c4 dxc4 13. Nc3 Bh3 14. Nxc4 Bxg2 15. Kxg2 h5 16. Rb1 h4 17. Ba1 Qf5 18. Nxd6 cxd6 19. h3 hxg3 20. fxg3 Qg5 21. Qe1 Nbd7 22. Rb4 Nb6 23. Bb2 Nfd5 24. Nxd5 Nxd5 25. Rf4 Nxb4 26. Qxb4 d5 27. g4 Rec8 28. Bc3 Rc4 29. Qb2 Rac8 30. Bd2 Rc2 31. Qb4 Ra2 32. Rf2 Rcc2 33. Qa5 Kh7 34. Kg3 b6 35. Qb4 Rxd2 0-1


[Site "https://www.chess.com"]

[Event "Titled Tuesday Blitz November 07 Early 2023"]
[White "Ronka, Erik"]
[Black "Zaksaite, Salomeja"]
[WhiteFideId "505080"]
[BlackFideId "12801496"]
[WhiteElo "2509"]
[BlackElo "2333"]
[Result "1-0"]
[Round "10"]
[TimeControl "180+1"]
[Date "2023.11.07"]
[WhiteClock "0:02:01"]
[BlackClock "0:00:00"]
[Board "114"]

1. e4 c5 2. Nf3 e6 3. g3 d5 4. exd5 exd5 5. d4 Nf6 6. Bg2 Be7 7. O-O O-O 8. Nc3 Nc6 9. h3 cxd4 10. Nxd4 Bc5 11. Be3 Be7 12. Re1 Nxd4 13. Bxd4 Be6 14. Qd2 Qd7 15. Rad1 Rfe8 16. Bxf6 Bxf6 17. Nxd5 Bxd5 18. Bxd5 Rxe1+ 19. Rxe1 Bxb2 20. c4 Bf6 21. Kg2 Rc8 22. Qe2 b6 23. Qe4 g6 24. h4 h5 25. Qf3 Kg7 26. Re4 Qd6 27. Rf4 Rc7 28. Re4 Re7 29. Qe2 Rxe4 30. Qxe4 Qe5 31. Qf3 Qc3 32. Qe2 Qb2 33. Qe8 Qe5 34. Qxf7+ Kh6 35. Qg8 Be7 36. Bf7 1-0


[Site "https://www.chess.com"]

[Event "Titled Tuesday Blitz November 07 Early 2023"]
[White "Kochiev, Ivan"]
[Black "Fernandez Siles, Luis"]
[WhiteFideId "2917890"]
[BlackFideId "2209420"]
[WhiteElo "2501"]
[BlackElo "2330"]
[Result "0-1"]
[Round "10"]
[TimeControl "180+1"]
[Date "2023.11.07"]
[WhiteClock "0:01:39"]
[BlackClock "0:00:45"]
[Board "115"]

1. e4 c5 2. Nc3 g6 3. f4 Nc6 4. Nf3 Bg7 5. Bc4 e6 6. d3 Nge7 7. O-O O-O 8. Qe1 d5 9. Bb3 Na5 10. Qh4 Nxb3 11. axb3 Nc6 12. Qg3 Nd4 13. Nxd4 cxd4 14. Ne2 dxe4 15. dxe4 f5 16. e5 Qb6 17. Qd3 Rd8 18. Rd1 Bd7 19. Qxd4 Bc6 20. Be3 Rxd4 21. Bxd4 Qc7 22. Nc3 b6 23. Rd2 Rd8 24. Rad1 Rd7 25. Be3 Rxd2 26. Rxd2 Bf8 27. Ne2 Bc5 28. Bxc5 bxc5 29. Rd6 Be4 30. Rxe6 Bxc2 31. Nc3 Bxb3 32. Nb5 Qa5 33. Re8+ Kg7 34. Nc3 Qa1+ 35. Nd1 Qxd1+ 0-1


[Site "https://www.chess.com"]

[Event "Titled Tuesday Blitz November 07 Early 2023"]
[White "Ionescu, Mihai"]
[Black "Shapiro, Daniel"]
[WhiteFideId "1202499"]
[BlackFideId "2001780"]
[WhiteElo "2440"]
[BlackElo "2325"]
[Result "1-0"]
[Round "10"]
[TimeControl "180+1"]
[Date "2023.11.07"]
[WhiteClock "0:01:10"]
[BlackClock "0:00:00"]
[Board "116"]

1. Nf3 Nf6 2. c4 e6 3. g3 d5 4. d4 Bb4+ 5. Bd2 Be7 6. Bg2 c6 7. Qc2 O-O 8. O-O b6 9. Rd1 Bb7 10. Bf4 Nbd7 11. Nc3 Rc8 12. Ne5 a6 13. e4 dxc4 14. Nxc4 b5 15. Ne5 Qb6 16. Be3 Qc7 17. Nxd7 Nxd7 18. Rac1 Qb8 19. a3 Nf6 20. b4 a5 21. Qb1 axb4 22. axb4 Nd7 23. e5 Nb6 24. Ne4 Nc4 25. Nc5 Bxc5 26. bxc5 Nxe3 27. fxe3 f6 28. exf6 Rxf6 29. Qe4 Rc7 30. Qe5 Bc8 31. Bxc6 b4 32. Be4 Bd7 33. c6 Be8 34. d5 exd5 35. Bxd5+ Kh8 36. Be4 Bf7 37. Rd7 1-0


[Site "https://www.chess.com"]

[Event "Titled Tuesday Blitz November 07 Early 2023"]
[White "Herman, Daniel"]
[Black "Bogaudinov, Rushan"]
[WhiteFideId "30935008"]
[BlackFideId "4129288"]
[WhiteElo "2420"]
[BlackElo "2311"]
[Result "0-1"]
[Round "10"]
[TimeControl "180+1"]
[Date "2023.11.07"]
[WhiteClock "0:00:00"]
[BlackClock "0:00:52"]
[Board "117"]

1. c4 e5 2. Nc3 Nf6 3. g3 g6 4. Bg2 Bg7 5. d3 O-O 6. Nf3 Nc6 7. O-O d6 8. Rb1 a5 9. a3 Bg4 10. b4 axb4 11. axb4 Qd7 12. b5 Nd4 13. Nxd4 exd4 14. Nd5 Nxd5 15. Bxd5 c6 16. bxc6 bxc6 17. Bg2 Rfe8 18. Re1 Ra2 19. Rb2 Rxb2 20. Bxb2 c5 21. Qc2 h5 22. e3 dxe3 23. Rxe3 Rxe3 24. fxe3 Bxb2 25. Qxb2 Qa4 26. h3 Qd1+ 27. Kh2 Bf3 28. Bxf3 Qxf3 29. Qd2 f5 30. d4 Qe4 31. dxc5 dxc5 32. Qd8+ Kg7 33. Qc7+ Kh6 34. Qxc5 Qc2+ 35. Kg1 Qd1+ 36. Kf2 Qd2+ 37. Kf3 Qd1+ 38. Kf4 Qf1+ 39. Ke5 Qxh3 40. Qd4 Qxg3+ 41. Kf6 Qg5+ 42. Kf7 Qg4 43. Qg7+ Kg5 44. Qxg6+ Kh4 45. c5 Qc4+ 46. Kg7 Qxc5 47. Kh6 Qf8+ 48. Kh7 f4 49. e4 f3 50. e5 f2 51. Qe4+ Kg3 52. Qe3+ Kg4 53. Qe2+ Qf3 54. Qc4+ Kg3 55. e6 f1=Q 56. Qc7+ Qf4 0-1


[Site "https://www.chess.com"]